 Dungeon Crawl Stone Soup version 0.31-a0-472-g43a2ca8e1b (webtiles) character file.

Game seed: 8359847161473324062

57 Ethylacetat the Insei (level 4, -9/29 HPs)
             Began as an Octopode Shapeshifter on Aug 6, 2023.
             Mangled by Crazy Yiuf
             ... wielding a +4 quarterstaff of chaos
              (12 damage)
             ... on level 2 of the Dungeon.
             The game lasted 00:01:19 (1186 turns).

Ethylacetat the Insei (Octopode Shapeshifter)       Turns: 1186, Time: 00:01:19

Health: -9/29      AC:  1    Str: 14    XL:     4   Next: 0%
Magic:  4/4        EV: 13    Int: 10    God:
Gold:   87         SH:  0    Dex: 14    Spells: 3/3 levels left

rFire   . .          .
                       - Unarmed
rCold   . . .        (no shield)
rNeg    . . .        (helmet currently unavailable)
rPois   .            (no amulet)
rElec   .            (no ring)
rCorr   .            (no ring)
SInv    .            (no ring)
Will    .....        (no ring)
Stlth   ++           (no ring)
HPRegen 0.24/turn    (no ring)
MPRegen 0.09/turn    (no ring)
                     (no ring)

%: no passive effects
@: beast-form
A: beast (slay +2), almost no armour, amphibious, 8 rings, camouflage 1,
gelatinous body 1, (nimble swimmer 1), tentacles
a: Begin Untransformation


You were on level 2 of the Dungeon.
You were a hulking beast.
You visited 1 branch of the dungeon, and saw 2 of its levels.

You collected 87 gold pieces.

Inventory:

Talismans
 b - a beast talisman (active)
Scrolls
 c - a scroll of vulnerability {unknown}
 d - a scroll of silence {unknown}
 f - 3 scrolls of identify {unknown}
 h - a scroll of amnesia {unknown}
 j - a scroll of blinking {unknown}
 m - a scroll of fog {unknown}
Potions
 a - a potion of lignification
 e - a potion of enlightenment {unknown}
 g - a potion of curing {unknown}
 i - a potion of brilliance {unknown}
 k - a potion of mutation {unknown}
 l - a potion of might {unknown}


   Skills:
 + Level 1.9 Fighting
 + Level 2.6 Dodging
 + Level 3.5 Unarmed Combat
 + Level 3.3 Shapeshifting


You had 3 spell levels left.
You didn't know any spells.
Your spell library contained the following spells:

 Spells                   Type           Power      Damage    Failure   Level
 Wereblood                Tmut           0%         N/A       50%         2
 Irradiate                Conj/Tmut      0%         3d11      100%        5


Dungeon Overview and Level Annotations

Branches:
Dungeon (2/15)

Altars:

Shops:
D:1 (

Annotations:
D:2 Crazy Yiuf


Innate Abilities, Weirdness & Mutations

You are a hulking beast.
Your limbs bulge with bestial killing power. (Slay +2)
You cannot wear most types of armour.
You are amphibious.
You can wear up to eight rings at the same time.
Your skin changes colour to match your surroundings (Stealth+).
Your rubbery body absorbs attacks. (AC +1, EV +1)
((You are camouflaged when in or above water. (Stealth+)))
You have tentacles for arms and can constrict up to eight enemies at once.


Message History

No target in view!
Key pressed, stopping explore.
No target in view!
No target in view!
You see here 3 stones.
f - 3 scrolls labelled RENEMU VISODOR (gained 1)
l - a golden potion No target in view!
No target in view!
m - a scroll labelled EKOENE WALAAJEI No target in view!
Crazy Yiuf shouts!
No reachable target in view!
Could not explore, unopened runed door.
No reachable target in view!
Could not explore, unopened runed door.
You open the door. You tentacle-slap Crazy Yiuf. Your grab misses Crazy Yiuf.
Crazy Yiuf is lightly wounded.
Crazy Yiuf hits you with a +4 quarterstaff of chaos!
Crazy Yiuf burns you.
You tentacle-slap Crazy Yiuf but do no damage.
Your grab misses Crazy Yiuf. You squeeze Crazy Yiuf!
Crazy Yiuf is heavily wounded.
Crazy Yiuf hits you with a +4 quarterstaff of chaos!
Ouch! That really hurt!
* * * LOW HITPOINT WARNING * * *
Crazy Yiuf freezes you.
* * * LOW HITPOINT WARNING * * *
You tentacle-slap Crazy Yiuf. Your grab misses Crazy Yiuf.
Your squeeze misses Crazy Yiuf.
Crazy Yiuf is almost dead.
Crazy Yiuf whimpers, "Announcement!
Cod hog forty-two."
Crazy Yiuf closely misses you.
You barely miss Crazy Yiuf. You grab Crazy Yiuf.
Crazy Yiuf is almost dead.
You constrict Crazy Yiuf.
Crazy Yiuf says, "Ghoul snockshim horse!"
Crazy Yiuf hits you with a +4 quarterstaff of chaos!
You die...

######....#####..###.....
#....# ##..######. ♣♣...♣
##...##... ♣...♣♣
###....## ### ♣♣.♣♣
##)....# #.# ♣.♣♣
####..##.## #.# ♣♣.♣
#.##.###.### #.# ♣.♣♣
#.......†... #.# ♣♣h♣
###..##..... ##.# #g#
##.##.).... #..# ...
#..##...... #.## #...#
#.###...... #.# #..)#
##.#........ #.# #####
#........... #.#
##......>... #.#
###..(......< #.#
#...........#


You could see Crazy Yiuf.

Vanquished Creatures
  A dart slug (D:1)
  5 endoplasms
  2 giant cockroaches (D:1)
  9 goblins
  5 hobgoblins
  3 jackals (D:1)
  6 kobolds (D:1)
  3 quokkas (D:1)
  A ball python (D:1)
  5 bats
  A frilled lizard (D:2)
  6 rats
47 creatures vanquished.

Notes
Turn   | Place    | Note
-------+----------+-------------------------------------------
     0 | D:1      | Ethylacetat the Octopode Shapeshifter began the quest for
                  | the Orb.
     0 | D:1      | Reached XP level 1. HP: 13/13 MP: 1/1
    98 | D:1      | Reached XP level 2. HP: 11/18 MP: 2/2
   161 | D:1      | Found Bedeck's Antique Weapon Shoppe.
   266 | D:1      | Reached XP level 3. HP: 23/23 MP: 3/3
   841 | D:2      | Found a runed translucent door.
   842 | D:2      | Noticed Crazy Yiuf
  1072 | D:2      | Reached XP level 4. HP: 29/29 MP: 4/4
  1186 | D:2      | Mangled by Crazy Yiuf

Illustrated notes

Levels and vault maps discovered:
D:1:      spicycebolla_arrival_ecumenical, layout_basic, serial_shops, shop,
          minmay_pentomino_z2
D:2:      layout_rooms, uniq_crazy_yiuf_cottage

Action                     |  1- 3 |  4- 6 || total
---------------------------+-------+-------++-------
  Melee: Unarmed           |    78 |     4 ||    82
         Tentacles         |    10 |     1 ||    11
         Constrict         |    18 |     1 ||    19
         Punch             |     1 |       ||     1
   Stab: Sleeping          |     6 |       ||     6
 Armour: Skin              |     4 |       ||     4
  Dodge: Dodged            |    55 |     1 ||    56

Table legend: (Time is in decaauts)
 A = Elapsed time spent in this place.
 B = Non-inter-level travel time spent in this place.
 C = Inter-level travel time spent in this place.
 D = Time resting spent in this place.
 E = Time spent auto-exploring this place.
 F = Levels seen in this place.
 G = Mean time per level.
                   A        B        C        D        E       F      G
               +--------+--------+--------+--------+--------+-----+--------+
         Total |   1180 |   1141 |     39 |      0 |    929 |   2 |  590.0 |
       Dungeon |   1180 |   1141 |     39 |      0 |    929 |   2 |  590.0 |
               +--------+--------+--------+--------+--------+-----+--------+

Top non-repeatable levels by time:
     D:1: 750 daAuts
     D:2: 430 daAuts
